 Dungeon Crawl Stone Soup version 0.30-a0-458-g86641cc369 (webtiles) character file.

Game seed: 1795009283072908781

3035 Monkooky the Cruncher (level 9, 0/56 HPs)
             Began as a Gargoyle Delver on Dec 14, 2022.
             Was a Priest of Fedhas.
             Slain by an orc warrior
             ... wielding the +7 flail of Jitimena {flame, Str+3}
              (5 damage)
             ... in a bailey.
             The game lasted 00:19:16 (6547 turns).

Monkooky the Cruncher (Gargoyle Delver)             Turns: 6547, Time: 00:19:16

Health: 0/56       AC: 20    Str: 17    XL:     9   Next: 86%
Magic:  9/9        EV: 11    Int: 14    God:    Fedhas [***...]
Gold:   263        SH:  0    Dex: 11    Spells: 8/8 levels left

rFire   . . .      SeeInvis .    x - +3 quarterstaff (chaos)
rCold   . . .      Faith    .    (shield currently unavailable)
rNeg    + . .      Spirit   .    D - +0 ring mail
rPois   ∞          Reflect  .    C - +0 helmet
rElec   +          Harm     .    w - +1 cloak
rCorr   .          Rampage  .    (no gloves)
Will    .....                    k - +0 pair of boots
Stlth   +++.......               (no amulet)
HPRegen 0.29/turn                r - +4 ring of protection
MPRegen 0.11/turn                F - ring of flight

@: flying, hasted, very quick
A: sickness immunity, AC +6, negative energy resistance 1, electricity
resistance, torment resistance 1, petrification resistance
a: Renounce Religion, Wall of Briars, Grow Ballistomycete


You were in a bailey.
You worshipped Fedhas.
Fedhas was most pleased with you.
You visited 1 branch of the dungeon, and saw 7 of its levels.
You also visited: Bailey.

You collected 367 gold pieces.
You spent 104 gold pieces at shops.

Inventory:

Hand Weapons
 a - a +0 mace
 i - a +0 whip
 x - a +3 quarterstaff of chaos (weapon)
Missiles
 j - a poisoned dart (quivered)
 J - a throwing net
 L - 5 boomerangs
Armour
 b - a +0 leather armour
 k - a +0 pair of boots (worn)
 v - a +0 cloak
 w - a +1 cloak (worn)
 C - a +0 helmet (worn)
 D - a +0 ring mail (worn)
Magical Staves
 q - a staff of death
Jewellery
 r - a +4 ring of protection (left hand)
 F - a ring of flight (right hand)
Wands
 g - a wand of digging (13)
 H - a wand of iceblast (7)
Scrolls
 c - a scroll of fog
 d - 3 scrolls of enchant armour {unknown}
 m - 4 scrolls of teleportation {unknown}
 o - 3 scrolls of amnesia {unknown}
 p - 2 scrolls of identify {unknown}
 u - 2 scrolls of noise {unknown}
 y - a scroll of immolation {unknown}
 A - a scroll of vulnerability {unknown}
 E - a scroll of enchant weapon {unknown}
 K - 2 scrolls of magic mapping
Potions
 e - 3 potions of lignification
 f - a potion of haste
 h - 2 potions of magic {unknown}
 l - a potion of flight {unknown}
 s - 3 potions of curing
 t - a potion of brilliance {unknown}
 z - 2 potions of invisibility {unknown}
 B - a potion of degeneration {unknown}
 G - a potion of might {unknown}
 I - a potion of attraction {unknown}


   Skills:
 + Level 6.9 Fighting
 - Level 2.0(7.2) Maces & Flails
 - Level 11.0(11.1) Staves
 + Level 4.1 Armour
 - Level 1.5 Dodging
 - Level 6.7 Stealth


You had 8 spell levels left.
You didn't know any spells.
Your spell library contained the following spells:

 Spells                   Type           Power      Damage    Failure   Level
 Foxfire                  Conj/Fire      0%         2x1d4     45%         1
 Kiss of Death            Conj/Necr      0%         2d5       45%         1
 Slow                     Hex            0%         N/A       45%         1
 Confusing Touch          Hex            0%         N/A       83%         3
 Ozocubu's Armour         Ice            0%         N/A       83%         3
 Vampiric Draining        Necr           0%         2d6       83%         3
 Dispel Undead            Necr           0%         3d6       99%         4
 Ozocubu's Refrigeration  Ice            0%         4d7       100%        7


Dungeon Overview and Level Annotations

Branches:
Dungeon (7/15)             Temple (0/1) D:6          Bailey (1/1)

Altars:
Cheibriados
Fedhas
Gozag
Okawaru
Sif Muna

Shops:
D:1 !   D:5 [=


Innate Abilities, Weirdness & Mutations

You are immune to sickness and miasma.
Your stone body is resilient. (AC +6)
You are immune to poison.
You resist negative energy. (rN+)
You are resistant to electric shocks. (rElec)
You are resistant to unholy torment.
You are immune to petrification.


Message History

You thump the kobold!
You kill the kobold!
Fedhas appreciates your contribution to the ecosystem.
You barely miss the orc warrior. You thump the orc warrior!
The orc warrior goes berserk!
The orc warrior is moderately wounded.
The orc warrior hits you with the +7 flail of Jitimena {flame, Str+3}!!
The orc warrior burns you!
You sock the orc warrior!
The orc warrior is heavily wounded.
The orc warrior hits you with the +7 flail of Jitimena {flame, Str+3}!
* * * LOW HITPOINT WARNING * * *
The orc warrior burns you.
* * * LOW HITPOINT WARNING * * *
The orc warrior barely misses you.
Okay, then.
Okay, then.
You feel much better.
The orc warrior hits you with the +7 flail of Jitimena {flame, Str+3}!!
The orc warrior burns you!
* * * LOW HITPOINT WARNING * * *
You feel much better.
The orc warrior hits you with the +7 flail of Jitimena {flame, Str+3}!!
The orc warrior burns you.
* * * LOW HITPOINT WARNING * * *
The orc warrior hits you with the +7 flail of Jitimena {flame, Str+3}!
* * * LOW HITPOINT WARNING * * *
The orc warrior burns you.
* * * LOW HITPOINT WARNING * * *
Okay, then.
You feel much better. The orc warrior closely misses you.
You feel yourself speed up. The orc warrior barely misses you.
The orc warrior hits you with the +7 flail of Jitimena {flame, Str+3}!
* * * LOW HITPOINT WARNING * * *
The orc warrior burns you.
* * * LOW HITPOINT WARNING * * *
The orc warrior attacks as you move away!
The orc warrior hits you with the +7 flail of Jitimena {flame, Str+3}.
You die...
Fedhas appreciates your contribution to the ecosystem.

~~.......~~.
~~.......~~##
~~.......~~.
~~.......~~###
.~~.......~~..
#~~.......~~###.#
.~~.......~~....#
#~~......()K###.#
.~~......(Koo@..#
#~~......(~K#####
#~.......~##
####...#### #...#
#...# #...#
##'''## ##..∩..##


You could see 2 orc warriors, a kobold brigand and 2 kobolds.

Vanquished Creatures
  A komodo dragon (shapeshifter) (D:5)
  Prince Ribbit (D:7)
  A wraith (D:6)
  A water moccasin (D:7)
  A floating eye (shapeshifter) (D:3)
  An ice beast (D:6)
  A black bear (D:5)
  2 ogres
  3 centaurs
  2 phantoms (D:5)
  2 kobold brigands (Bailey)
  2 bullfrogs
  2 necrophages
  4 scorpions (D:5)
  A howler monkey (D:6)
  Crazy Yiuf (D:2)
  2 gnoll boudas (D:5)
  A jelly (D:3)
  4 orc priests
  4 hounds
  2 iguanas
  Ijyb (D:3)
  5 orc wizards
  7 gnolls (D:5)
  8 adders
  A shadow imp (D:5)
  3 white imps
  2 ufetubi
  2 worms
  2 dart slugs
  22 orcs
  3 bats (D:1)
  5 endoplasms
  3 giant cockroaches
  9 goblins
  4 hobgoblins
  13 kobolds
  2 quokkas
  4 ball pythons
  A frilled lizard (D:3)
  3 rats
139 creatures vanquished.

Vanquished Creatures (collateral kills)
  A gnoll (D:6)
  An orc (D:6)
  A goblin (D:6)
3 creatures vanquished.

Grand Total: 142 creatures vanquished

Notes
Turn   | Place    | Note
-------+----------+-------------------------------------------
     0 | D:5      | Monkooky the Gargoyle Delver began the quest for the Orb.
     0 | D:5      | Reached XP level 1. HP: 14/14 MP: 1/1
    81 | D:5      | Reached XP level 2. HP: 19/19 MP: 2/2
    82 | D:5      | Noticed a black bear
   190 | D:5      | Noticed a scorpion
   252 | D:5      | Found Faerchula's Jewellery Shop.
   284 | D:4      | Reached XP level 3. HP: 20/23 MP: 3/3
   347 | D:4      | Reached XP level 4. HP: 18/30 MP: 4/4
   469 | D:3      | Noticed Ijyb
   486 | D:3      | Killed Ijyb
   487 | D:3      | Reached skill level 5 in Fighting
   487 | D:3      | Reached XP level 5. HP: 27/35 MP: 5/5
   923 | D:1      | Found Vasietao's Distillery.
   937 | D:1      | Bought a potion of heal wounds for 65 gold pieces
  1924 | D:1      | Bought a potion of lignification for 39 gold pieces
  2113 | D:2      | Found a runed translucent door.
  2114 | D:2      | Noticed Crazy Yiuf
  2165 | D:2      | Killed Crazy Yiuf
  2166 | D:2      | Reached skill level 1 in Staves
  2617 | D:3      | an adder changed into a glowing shapeshifter
  2617 | D:3      | Noticed a glowing shapeshifter (glowing shapeshifter)
  2617 | D:3      | a glowing shapeshifter changed into a slime creature
  2617 | D:3      | Noticed a slime creature (glowing shapeshifter)
  2618 | D:3      | a slime creature changed into a broodmother
  2618 | D:3      | Noticed a broodmother (glowing shapeshifter)
  2620 | D:3      | Noticed a redback
  2621 | D:3      | a broodmother changed into a slime creature
  2621 | D:3      | Noticed a slime creature (glowing shapeshifter)
  2628 | D:3      | a slime creature changed into a shock serpent
  2628 | D:3      | Noticed a shock serpent (glowing shapeshifter)
  2631 | D:3      | a shock serpent changed into a floating eye
  2631 | D:3      | Noticed a floating eye (glowing shapeshifter)
  2633 | D:3      | Killed a floating eye
  2634 | D:3      | Reached skill level 3 in Staves
  2634 | D:3      | Reached XP level 6. HP: 18/40 MP: 6/6
  2975 | D:3      | Reached skill level 4 in Staves
  3055 | D:3      | Found a blossoming altar of Fedhas.
  3107 | D:3      | Became a worshipper of Fedhas Madash
  3711 | D:3      | Reached XP level 7. HP: 27/44 MP: 7/7
  3850 | D:4      | Reached skill level 5 in Staves
  3867 | D:4      | Found a snail-covered altar of Cheibriados.
  4132 | D:4      | Reached * piety under Fedhas
  4452 | D:5      | Reached skill level 6 in Staves
  4486 | D:5      | Reached skill level 7 in Staves
  4486 | D:5      | Reached XP level 8. HP: 41/50 MP: 8/8
  4664 | D:5      | Reached skill level 8 in Staves
  4763 | D:5      | an adder changed into a shapeshifter
  4763 | D:5      | Noticed a shapeshifter (shapeshifter)
  4764 | D:5      | a shapeshifter changed into a komodo dragon
  4764 | D:5      | Noticed a komodo dragon (shapeshifter)
  4771 | D:5      | Killed a komodo dragon
  4772 | D:5      | Reached skill level 9 in Staves
  5060 | D:5      | Reached ** piety under Fedhas
  5070 | D:5      | Found Wozxaulla's Antique Armour Shop.
  5161 | D:5      | Reached XP level 9. HP: 54/54 MP: 9/9
  5315 | D:5      | Reached skill level 10 in Staves
  5468 | D:5      | Found a shimmering blue altar of Sif Muna.
  5504 | D:5      | Got Sif Muna's Treatise on the Inferno
  5604 | D:6      | Found an opulent altar of Gozag.
  5814 | D:6      | Found a staircase to the Ecumenical Temple.
  5822 | D:6      | Reached skill level 11 in Staves
  5935 | D:6      | Reached skill level 1 in Armour
  6069 | D:6      | Found an iron altar of Okawaru.
  6329 | D:7      | Noticed Prince Ribbit
  6409 | D:7      | Found a flagged portal.
  6440 | D:7      | Killed Prince Ribbit
  6506 | Bailey   | Entered a bailey
  6528 | Bailey   | Identified the +7 flail of Jitimena {flame, Str+3}
  6534 | Bailey   | Reached *** piety under Fedhas
  6544 | Bailey   | HP: 1/56 [orc warrior/the +7 flail of Jitimena {flame,
                  | Str+3} (2)]
  6547 | Bailey   | Slain by an orc warrior

Illustrated notes

Levels and vault maps discovered:
D:1:      lightli_arrival_farm, layout_basic, serial_shops,
          nicolae_shop_crystal, hangedman_feature_mirror
D:2:      layout_loops_ring, uniq_crazy_yiuf_cottage
D:3:      layout_basic, fedhas_altar_2, uniq_ijyb
D:4:      layout_basic, kennysheep_slug_shrine, hex_medium
D:5:      kb_forest_paths, layout_basic, led_sif_book, serial_shops, shop,
          nicolae_shop_behind_doors
D:6:      layout_basic, nicolae_gozag_seed_capital, okawaru_altar_gauntlet_db,
          minmay_temple_entry_hall, due_unseen_surprise
D:7:      layout_basic, enter_bailey_5, minmay_holes, uniq_prince_ribbit1
Bailey:   bailey_axe_3, bailey

Skill      XL: |  1  2  3  4  5  6  7  8  9 |
---------------+----------------------------+-----
Stealth        | 6 |  6.7
Fighting       | 4 5 6 |  6.9
Staves         | 3 4 7 9 11 | 11.0
Armour         | 4 |  4.1
Maces & Flails | |  2.0
Dodging        | |  1.5

Action                   |  1- 3 |  4- 6 |  7- 9 || total
-------------------------+-------+-------+-------++-------
Melee: Mace              |    16 |    80 |       ||    96
       Punch             |       |     2 |       ||     2
       Quarterstaff      |       |    67 |   308 ||   375
Throw: Dart              |       |     2 |     2 ||     4
Evoke: Wand              |     1 |       |     1 ||     2
  Use: Scroll            |     2 |       |       ||     2
       Potion            |       |     2 |     5 ||     7
 Stab: Sleeping          |     1 |    14 |     2 ||    17
       Petrifying        |       |     1 |       ||     1
       Distracted        |       |       |     2 ||     2
Armor: Leather armour    |    13 |    44 |       ||    57
       Skin              |       |     5 |    13 ||    18
       Ring mail         |       |    17 |   197 ||   214
Dodge: Dodged            |    20 |    68 |   157 ||   245

Table legend: (Time is in decaauts)
 A = Elapsed time spent in this place.
 B = Non-inter-level travel time spent in this place.
 C = Inter-level travel time spent in this place.
 D = Time resting spent in this place.
 E = Time spent auto-exploring this place.
 F = Levels seen in this place.
 G = Mean time per level.
                   A        B        C        D        E       F      G
               +--------+--------+--------+--------+--------+-----+--------+
         Total |   6563 |   6216 |    347 |    449 |   4167 |   8 |  820.4 |
       Dungeon |   6527 |   6180 |    347 |    449 |   4162 |   7 |  932.4 |
        Bailey |     36 |     36 |      0 |      0 |      5 |   1 |   36.0 |
               +--------+--------+--------+--------+--------+-----+--------+

Top non-repeatable levels by time:
     D:5: 1416 daAuts
     D:3: 1277 daAuts
     D:1: 1059 daAuts
     D:2: 1022 daAuts
     D:4: 835 daAuts
     D:6: 736 daAuts
     D:7: 179 daAuts
  Bailey: 36 daAuts
